 Dungeon Crawl Stone Soup version 0.17-a0-1767-gccbed74 (webtiles) character file.

147 4thArraOfDagon the Chopper (level 5, -10/70 HPs)
             Began as a Minotaur Berserker on Sept 6, 2015.
             Was a Follower of Trog.
             Mangled by Edmund
             ... wielding a +1 flail of protection
              (15 damage)
             ... on level 5 of the Dungeon.
             The game lasted 00:03:04 (615 turns).

4thArraOfDagon the Chopper (Minotaur Berserker)      Turns: 615, Time: 00:03:05

Health: -10/70     AC:  7    Str: 27    XL:     5   Next: 8%
Magic:  4/4        EV: 11    Int:  4    God:    Trog [*.....]
Gold:   48         SH:  0    Dex: 10    Spells: 0 memorised, 4 levels left

rFire  . . .     SeeInvis .     g - +0 war axe
rCold  . . .     Clarity  .     f - +0 ring mail
rNeg   . . .     SustAt   .     (no shield)
rPois  .         Gourm    .     (helmet restricted)
rElec  .         Spirit   .     j - +0 cloak
rCorr  .         Warding  .     (no gloves)
rMut   .         Stasis   .     (no boots)
MR     .....                    (no amulet)
Stlth  ..........               (no ring)
                                (no ring)

@: berserking, very quick, not resistant to hostile enchantments, extremely
unstealthy
A: retaliatory headbutt, horns 2
a: Burn Spellbooks, Berserk, Renounce Religion


You were on level 5 of the Dungeon.
You worshipped Trog.
Trog was aware of your devotion.
You were not hungry.

You visited 1 branch of the dungeon, and saw 5 of its levels.

You collected 48 gold pieces.

Inventory:

Hand weapons
 a - a +0 hand axe
 g - a +0 war axe (weapon)
Armour
 f - a +0 ring mail (worn)
 j - a +0 cloak (worn)
 k - the +1 leather armour of the Nine Places {Dex+3, unknown}
   (You found it on level 4 of the Dungeon)

   It affects your dexterity (+3).
Magical devices
 o - a wand of flame (20)
Scrolls
 b - a scroll of teleportation {unknown}
 d - 2 scrolls of identify {unknown}
 e - a scroll of enchant weapon {unknown}
 i - 2 scrolls of recharging {unknown}
Comestibles
 c - 2 bread rations
 h - a beef jerky
 l - 3 fruits
 m - a meat ration
 n - 2 chunks of flesh


   Skills:
 + Level 4.6 Fighting
 * Level 5.6 Axes
 + Level 3.8 Armour
 - Level 2.1 Dodging


You had 4 spell levels left.
You didn't know any spells.

Dungeon Overview and Level Annotations

Branches:
Dungeon (5/15)
 Temple: D:4-7

Altars:

Shops:
D:5 (

Annotations:
D:5 Edmund


Innate Abilities, Weirdness & Mutations

You reflexively headbutt those who attack you in melee.
You have a pair of horns on your head.


Message History

A red film seems to cover your vision as you go berserk!
You feel yourself moving faster!
You feel mighty!
You feel somewhat more hungry.
You closely miss Edmund. You closely miss Edmund.
Edmund drinks a potion.
Edmund goes berserk!
You slash Edmund!
Edmund is lightly wounded.
Edmund barely misses you. You furiously retaliate!
You headbutt Edmund! You hit Edmund but do no damage.
Edmund is moderately wounded.
Edmund hits you with a flail of protection.
* * * LOW HITPOINT WARNING * * *
You slash Edmund! Your headbutt misses Edmund.
Edmund is severely wounded.
Edmund hits you but does no damage.
Unknown command.
You hit Edmund but do no damage. You headbutt Edmund!
Edmund is severely wounded.
Edmund hits you with a flail of protection!
You die...

##.###..#.###
#######.###.##.#
#...........##.#
#...........##.#
#...........##.#
#...........##.#
#...........##.#
#..........##
#@@........#
######..##.# ..#
.# ..# .. #..


You could see Edmund (berserk).

Vanquished Creatures
  A centaur (D:5)
  A worker ant (D:5)
  A worker ant zombie (D:5)
  A shadow imp (D:4)
  An orc (D:4)
  A bat (D:1)
  A hobgoblin (D:2)
  2 quokkas (D:5)
  2 ball pythons
  2 giant newts
  3 goblins
  2 rats
18 creatures vanquished.

Notes
Turn   | Place    | Note
--------------------------------------------------------------
     0 | D:1      | 4thArraOfDagon the Minotaur Berserker began the quest for the Orb.
     0 | D:1      | Reached XP level 1. HP: 19/19 MP: 0/0
   123 | D:3      | Reached skill level 4 in Axes
   123 | D:3      | Reached XP level 2. HP: 20/27 MP: 1/1
   203 | D:4      | Noticed a phantom
   384 | D:4      | Got a translucent leather armour
   497 | D:5      | Entered Level 5 of the Dungeon
   507 | D:5      | Found Rulix's Weapon Shop.
   541 | D:5      | Noticed a centaur
   554 | D:5      | Killed a centaur
   554 | D:5      | Reached skill level 5 in Axes
   554 | D:5      | Reached XP level 3. HP: 13/34 MP: 2/2
   554 | D:5      | Reached XP level 4. HP: 15/41 MP: 3/3
   557 | D:5      | Reached XP level 5. HP: 11/47 MP: 4/4
   574 | D:5      | HP: 2/47 [poisoned by a worker ant]
   602 | D:5      | Noticed Edmund
   615 | D:5      | Mangled by Edmund

Vault maps used:
D:1:      scummos_arrival_hexagon
D:2:      kennysheep_goblin_castle, grunt_ministairs_2, uniq_iyjb, uniq_natasha
D:3:      feat_on_display
D:4:      portal_sewer_entry_e, first_bread, corexii_leaking_fountain,
          minmay_hedge_maze, grunt_ministairs_10, cheibrodos_gnoll_hut
D:5:      minmay_temple_entry_trees, serial_shops, nicolae_shop_behind_doors,
          shop_fountains, kennysheep_mini, shop, shop, uniq_edmund

Action                   |  1- 3 |  4- 6 || total
-------------------------+-------+-------++-------
Melee: Hand axe          |    22 |       ||    22
       War axe           |     9 |     9 ||    18
Invok: Berserk           |     2 |     1 ||     3
Evoke: Wand              |       |     1 ||     1
  Use: Potion            |       |     1 ||     1
  Eat: Chunk             |       |     1 ||     1
